[Event "Summer Prague Open-A 2024"]
[Site "Prague"]
[Date "2024.08.05"]
[Round "5.14"]
[White "Rousek, Jan"]
[Black "Golenia, Wojciech"]
[Result "0-1"]
[Annotator "TA"]
[ECO "E19"]
[WhiteElo "2034"]
[BlackElo "2212"]
[PlyCount "50"]
[EventDate "2024.08.02"]
[EventType "swiss"]
[EventCountry "CZE"]
[SourceTitle "playchess.com"]
[Source "ChessBase"]
[SourceQuality "1"]
[TimeControl "40/5400+30:1800+30"]

1. d4 Nf6 2. Nf3 e6 3. g3 b6 4. Bg2 Bb7 5. O-O Be7 6. c4 O-O 7. Nc3 Ne4 8. Qc2 Nxc3 9. Qxc3 c5 10. Rd1 Bf6 11. e3 cxd4 12. Nxd4 Bxg2 13. Kxg2 {[%emt 0:00:10] The position is equal.} Qc7 14. Qd3 Rc8 15. b3 Qb7+ 16. e4 Na6 17. f3 (17. Qe2 $14) 17... d5 $15 18. exd5 exd5 19. Bb2 dxc4 20. bxc4 Rd8 21. Rd2 Rd7 22. Rad1 Rad8 23. Qe3 {[%emt 0:04:00] [#] Nf5 would now be deadly.} Nc5 ({Black should try} 23... Qc8 $1 $15 24. Qe2 Bg5) 24. Ba3 h6 {[%emt 0:06:08] aiming for ...Bg5.} 25. Bxc5 $4 (25. Nf5 $11 {and White stays safe.}) 25... Bg5 $1 {[%emt 0:00:38] Weighted Error Value: White=0.60/Black=0.10 (very precise) .  Loses game:     	White=1     	---        Mistake:       	White=1     	Black=1      Inaccurate:     	White=1     	Black=1      OK:         	White=4     	Black=4      Best:        	---       	Black=1      Strong:       	---       	Black=1} ({Weaker is} 25... bxc5 26. Nf5 Rxd2+ 27. Rxd2 Rxd2+ 28. Qxd2 $15) 0-1

[Event "Summer Prague Open-A 2024"]
[Site "Prague"]
[Date "2024.08.05"]
[Round "5.15"]
[White "Jun, Rudolf"]
[Black "Taborsky, Rostislav"]
[Result "1/2-1/2"]
[Annotator "TA"]
[ECO "C15"]
[WhiteElo "2198"]
[BlackElo "2051"]
[PlyCount "84"]
[EventDate "2024.08.02"]
[EventType "swiss"]
[EventCountry "CZE"]
[SourceTitle "playchess.com"]
[Source "ChessBase"]
[SourceQuality "1"]
[TimeControl "40/5400+30:1800+30"]

1. e4 e6 2. d4 d5 3. Nc3 Bb4 4. exd5 exd5 5. Nf3 Nf6 6. Bd2 O-O 7. Be2 Re8 8. O-O Bg4 9. h3 Bh5 10. Re1 Nbd7 11. a3 Bxc3 12. Bxc3 Ne4 13. Bd2 Qf6 14. Be3 c6 15. Qd3 Re7 16. Ne5 Bxe2 17. Qxe2 Rae8 18. Nxd7 Rxd7 19. f3 Nd6 20. Qd2 Rde7 21. b3 {[%emt 0:02:01] Against Nc4} h5 22. Bf2 Nf5 23. Rxe7 Rxe7 24. c4 dxc4 25. bxc4 c5 26. Rd1 Nxd4 27. Bxd4 cxd4 (27... Qxd4+ 28. Qxd4 cxd4 29. Rxd4 $11) 28. Qxd4 $15 {[%emt 0:00:51][%mdl 4096] Endgame. KQR-KQR} Re1+ 29. Kf2 ({Better is} 29. Kh2 $1 $15 Rxd1 30. Qxd1) 29... Rxd1 $17 30. Qxd1 {[%emt 0:00:04] KQ-KQ} Qh4+ 31. Ke3 Qxc4 (31... Qg5+ $17 32. Kf2 Qh4+ 33. Kg1 Qxc4) 32. Qd8+ $1 $11 Kh7 33. Qa5 {[%emt 0:00:46] Prevents Qc5+.} Qc1+ 34. Kf2 Qb2+ 35. Kf1 Qa1+ 36. Ke2 $1 Qa2+ 37. Kf1 Qc4+ 38. Ke1 $1 Qh4+ 39. Ke2 {[%emt 0:00:30] The position is equal.} a6 40. Qf5+ Kg8 41. Qc8+ Kh7 42. Qf5+ Kg8 {[%emt 0:00:00] Weighted Error Value: White=0.05 (flawless) /Black=0.08 (flawless) .  Mistake:       	White=1     	Black=1      Inaccurate:     	---       	Black=2      OK:         	White=12    	Black=14     Best:        	White=4     	Black=4      Strong:       	White=3     	---} 1/2-1/2

[Event "Summer Prague Open-A 2024"]
[Site "Prague"]
[Date "2024.08.05"]
[Round "5.16"]
[White "Czaeczine, Anne"]
[Black "Cichon, Bartlomiej"]
[Result "1-0"]
[Annotator "RC"]
[ECO "B99"]
[WhiteElo "2172"]
[BlackElo "1992"]
[PlyCount "81"]
[EventDate "2024.08.02"]
[EventType "swiss"]
[EventCountry "CZE"]
[SourceTitle "playchess.com"]
[Source "ChessBase"]
[SourceQuality "1"]
[TimeControl "40/5400+30:1800+30"]

1. e4 c5 2. Nf3 d6 3. d4 cxd4 4. Nxd4 Nf6 5. Nc3 a6 6. Bg5 e6 7. f4 Be7 8. Qf3 Qc7 9. O-O-O Nbd7 10. g4 h6 11. Bxf6 Bxf6 12. h4 Nb6 13. g5 Bxd4 14. Rxd4 Qc5 15. Rd2 Bd7 16. Be2 Na4 17. Nxa4 Bxa4 18. Rh3 Bc6 19. Rg3 hxg5 20. Rxg5 Qb4 21. Qf2 g6 22. f5 gxf5 23. exf5 e5 24. Rg4 Qc5 25. Qxc5 dxc5 26. h5 Rd8 27. f6 Rxd2 28. Kxd2 Rh6 29. Rg5 e4 30. Rf5 Kd7 31. Bc4 Kd6 32. Bxf7 Bd7 33. Rf4 Ke5 34. Ke3 Bf5 35. Bg6 Bxg6 36. hxg6 Rh3+ 37. Ke2 Kxf4 38. f7 Rh2+ 39. Kf1 Ke3 40. f8=Q Rxc2 41. g7 1-0

[Event "Summer Prague Open-A 2024"]
[Site "Prague"]
[Date "2024.08.05"]
[Round "5.17"]
[White "Dome, Michal"]
[Black "Persson, Andreas"]
[Result "0-1"]
[Annotator "NA RC"]
[ECO "E04"]
[WhiteElo "1965"]
[BlackElo "2139"]
[PlyCount "64"]
[EventDate "2024.08.02"]
[EventType "swiss"]
[EventCountry "CZE"]
[SourceTitle "playchess.com"]
[Source "ChessBase"]
[SourceQuality "1"]
[TimeControl "40/5400+30:1800+30"]

1. d4 d5 2. c4 e6 3. Nf3 Nf6 4. g3 dxc4 5. Bg2 c5 6. O-O Nc6 7. Ne5 Bd7 8. Na3 cxd4 9. Naxc4 Be7 10. Bf4 Rc8 11. Nxd7 Qxd7 12. Ne5 Qd8 13. Qa4 Qb6 14. Rfd1 O-O 15. Nxc6 bxc6 16. Be5 c5 17. b4 cxb4 18. Bxd4 Bc5 19. Bxc5 Rxc5 20. Rab1 Rb5 21. Rbc1 Ra5 22. Qb3 h6 23. Rc4 Rb5 24. e3 a5 25. Rc6 Qb8 26. Ra6 Rc5 27. h3 Rc3 28. Qb1 Qc7 29. Kh2 h5 30. h4 Qe5 31. Rd4 Ng4+ 32. Kg1 Rxe3 0-1

[Event "Summer Prague Open-A 2024"]
[Site "Prague"]
[Date "2024.08.05"]
[Round "5.18"]
[White "Patil Harshal"]
[Black "Zhakan, Erasyl"]
[Result "1/2-1/2"]
[Annotator "NA RC"]
[ECO "E04"]
[WhiteElo "2130"]
[BlackElo "1962"]
[PlyCount "31"]
[EventDate "2024.08.02"]
[EventType "swiss"]
[EventCountry "CZE"]
[SourceTitle "playchess.com"]
[Source "ChessBase"]
[SourceQuality "1"]
[TimeControl "40/5400+30:1800+30"]

1. d4 Nf6 2. c4 e6 3. g3 d5 4. Bg2 dxc4 5. Nf3 Nc6 6. O-O Rb8 7. a4 b6 8. Bf4 Bb7 9. Qc2 Na5 10. Nbd2 Nd5 11. Nxc4 Nb4 12. Qc3 Nd5 13. Qc2 Nb4 14. Qc3 Nd5 15. Qc2 Nb4 16. Qc3 1/2-1/2

[Event "Summer Prague Open-A 2024"]
[Site "Prague"]
[Date "2024.08.05"]
[Round "5.19"]
[White "Alimbetov, Dias"]
[Black "Soural, Jan"]
[Result "1/2-1/2"]
[Annotator "NA RC"]
[ECO "A04"]
[WhiteElo "1887"]
[BlackElo "2130"]
[PlyCount "64"]
[EventDate "2024.08.02"]
[EventType "swiss"]
[EventCountry "CZE"]
[SourceTitle "playchess.com"]
[Source "ChessBase"]
[SourceQuality "1"]
[TimeControl "40/5400+30:1800+30"]

1. Nf3 c5 2. c4 Nf6 3. Nc3 e6 4. e4 Nc6 5. Bd3 Be7 6. O-O d6 7. a3 O-O 8. Re1 b6 9. Bf1 e5 10. h3 Nd4 11. d3 Nxf3+ 12. Qxf3 Ne8 13. Nd5 Bg5 14. b4 Bxc1 15. Raxc1 Nc7 16. bxc5 bxc5 17. Rb1 Nxd5 18. exd5 Qa5 19. Ra1 Rb8 20. Qd1 Bd7 21. Qc1 Rb3 22. f4 f6 23. fxe5 fxe5 24. Be2 h6 25. Rf1 Rxf1+ 26. Qxf1 Rb8 27. Qc1 Qb6 28. Qe3 Rf8 29. Qc1 Rb8 30. Qe3 Rf8 31. Qc1 Rb8 32. Qe3 Rf8 1/2-1/2

[Event "Summer Prague Open-A 2024"]
[Site "Prague"]
[Date "2024.08.05"]
[Round "5.20"]
[White "Rozumek, Krzysztof"]
[Black "Jedlicka, Ales"]
[Result "0-1"]
[Annotator "NA RC"]
[ECO "A48"]
[WhiteElo "1784"]
[BlackElo "2126"]
[PlyCount "66"]
[EventDate "2024.08.02"]
[EventType "swiss"]
[EventCountry "CZE"]
[SourceTitle "playchess.com"]
[Source "ChessBase"]
[SourceQuality "1"]
[TimeControl "40/5400+30:1800+30"]

1. h3 Nf6 2. c3 g6 3. d4 Bg7 4. Bf4 d6 5. Nf3 O-O 6. e3 Nbd7 7. Bc4 c5 8. Nbd2 b6 9. O-O Bb7 10. Qb3 h6 11. Rad1 a6 12. Rfe1 b5 13. Bf1 Qc7 14. a4 Bc6 15. axb5 axb5 16. dxc5 Nxc5 17. Qc2 e5 18. Bh2 Rfd8 19. Ra1 Qb7 20. Rec1 Nfe4 21. Qd1 Nxd2 22. Nxd2 Kh7 23. b4 Ne6 24. Nb3 Rxa1 25. Rxa1 Qb6 26. Ra5 f5 27. Qa1 Nc7 28. Ra7 Ra8 29. Rxa8 Bxa8 30. Qa5 Qc6 31. Nd2 Qxc3 32. Nb1 Qc1 33. Na3 Be4 0-1

[Event "Summer Prague Open-A 2024"]
[Site "Prague"]
[Date "2024.08.05"]
[Round "5.21"]
[White "Swati, Mohota"]
[Black "Mirimanian, Hayk"]
[Result "1-0"]
[Annotator "NA RC"]
[ECO "D36"]
[WhiteElo "2026"]
[BlackElo "2290"]
[PlyCount "50"]
[EventDate "2024.08.02"]
[EventType "swiss"]
[EventCountry "CZE"]
[SourceTitle "playchess.com"]
[Source "ChessBase"]
[SourceQuality "1"]
[TimeControl "40/5400+30:1800+30"]

1. d4 d5 2. c4 e6 3. Nc3 Nf6 4. cxd5 exd5 5. Bg5 c6 6. Qc2 Bd6 7. e3 O-O 8. Bd3 h6 9. Bh4 Re8 10. Nge2 a5 11. h3 Na6 12. a3 Nc7 13. O-O Ne6 14. f3 Ng5 15. e4 Nfxe4 16. fxe4 Nxh3+ 17. gxh3 Qxh4 18. e5 Rxe5 19. Bh7+ Kh8 20. Ne4 Rxe4 21. Bxe4 dxe4 22. Nc3 Bxh3 23. Nxe4 Qg4+ 24. Kh1 Bxf1 25. Rxf1 Bf4 1-0

[Event "Summer Prague Open-A 2024"]
[Site "Prague"]
[Date "2024.08.05"]
[Round "5.22"]
[White "Cilia Vincenti, David"]
[Black "Flajsman, Pavel"]
[Result "1/2-1/2"]
[Annotator "NA RC"]
[ECO "D56"]
[WhiteElo "2023"]
[BlackElo "2188"]
[PlyCount "108"]
[EventDate "2024.08.02"]
[EventType "swiss"]
[EventCountry "CZE"]
[SourceTitle "playchess.com"]
[Source "ChessBase"]
[SourceQuality "1"]
[TimeControl "40/5400+30:1800+30"]

1. c4 e6 2. Nc3 d5 3. d4 Nf6 4. Bg5 Be7 5. e3 O-O 6. Nf3 h6 7. Bh4 c6 8. Qc2 Nbd7 9. a3 a6 10. Rd1 dxc4 11. Bxc4 Nd5 12. Bxe7 Qxe7 13. Ne4 e5 14. O-O exd4 15. Nxd4 N7f6 16. Nxf6+ Nxf6 17. h3 c5 18. Nf5 Bxf5 19. Qxf5 b5 20. Be2 c4 21. Rd4 Rac8 22. Rfd1 Qc5 23. Qxc5 Rxc5 24. a4 Rfc8 25. Rd8+ Rxd8 26. Rxd8+ Kh7 27. Rd6 b4 28. Rxa6 Nd5 29. Bf3 c3 30. bxc3 Nxc3 31. Rb6 Na2 32. Rb5 Rc1+ 33. Kh2 Rc3 34. Bd5 Ra3 35. Bxf7 Rxa4 36. Bxa2 Rxa2 37. Kg3 Rb2 38. f3 Kg6 39. f4 b3 40. Kf3 Rb1 41. g4 b2 42. Rb6+ Kf7 43. Ke4 Rh1 44. Rxb2 Rxh3 45. Rb3 Rg3 46. Kf5 g6+ 47. Ke5 Rxg4 48. Rb7+ Kg8 49. e4 h5 50. f5 gxf5 51. Kxf5 Rg1 52. e5 h4 53. Rb4 h3 54. Rh4 Rg3 1/2-1/2

[Event "Summer Prague Open-A 2024"]
[Site "Prague"]
[Date "2024.08.05"]
[Round "5.23"]
[White "Pietrzak, Tomasz"]
[Black "Stocek, Martin"]
[Result "1/2-1/2"]
[Annotator "TA"]
[ECO "A80"]
[WhiteElo "2013"]
[BlackElo "2176"]
[PlyCount "148"]
[EventDate "2024.08.02"]
[EventType "swiss"]
[EventCountry "CZE"]
[SourceTitle "playchess.com"]
[Source "ChessBase"]
[SourceQuality "1"]
[TimeControl "40/5400+30:1800+30"]

1. d4 f5 2. Bg5 g6 3. Nc3 Bg7 4. e3 Nf6 5. h4 h6 6. Bxf6 Bxf6 7. Qf3 e6 8. Nge2 {[%emt 0:01:18] White is clearly better.} Nc6 9. Nf4 Ne7 10. g4 {[%emt 0:08:14] aiming for gxf5.} c6 11. gxf5 exf5 12. O-O-O {[%emt 0:03:10] Threatens to win with e4.} d5 13. Bd3 $36 {[%emt 0:04:19][%mdl 2048] White has strong initiative.} Qd6 14. Rdg1 Rg8 15. Qg3 Bh8 16. Rg2 g5 (16... Be6 $16) 17. hxg5 $18 hxg5 {[%emt 0:02:12] [#]} 18. Qh2 {[%emt 0:01:29] Wards off Kf8} (18. Rh7 $1 $18 Kd8 19. Nce2) 18... Qf6 (18... gxf4 $2 {is the wrong capture.} 19. Rxg8+ Nxg8 20. Qh5+ (20. Qxh8 Be6 $18) 20... Kf8 21. Qxh8 fxe3 22. Rg1 $18 (22. fxe3 Be6 $18)) (18... Bxd4 $16 19. exd4 (19. Qh5+ Kf8 $16) 19... Qxf4+ 20. Qxf4 gxf4 21. Rxg8+ Nxg8) 19. Qh5+ (19. Qh7 $18 Kf8 20. Rhg1) 19... Kd8 $16 20. Qh7 {[%emt 0:04:22] Rh6 is the strong threat.} Bd7 21. Nh5 (21. Rhg1 $16) 21... Qg6 (21... Qf8 $11) 22. Qxg6 $14 Rxg6 23. Rhg1 g4 24. Rh2 Kc7 25. Nf4 Rgg8 26. Rh7 (26. Nce2 $14 {is superior.}) 26... Bf6 $1 $11 27. Nce2 Rh8 28. Rgh1 Raf8 29. Ng3 {[%emt 0:00:43] Excellent horsemanship.} Kd6 30. Kd2 b6 31. c4 {[%emt 0:00:50] The board is on fire. White is much more active.} ({White should play} 31. R7h6 $16 {[%cal Oh6f6] Rxf6+! would now be deadly.} Rxh6 32. Rxh6) 31... c5 (31... Rxh7 $11 32. Rxh7 dxc4 33. Bxc4 Rh8) 32. Rxh8 (32. dxc5+ $1 $14 bxc5 33. cxd5) 32... Rxh8 33. Rxh8 Bxh8 34. dxc5+ Kxc5 35. Nxd5 Nxd5 36. cxd5 Kxd5 ({Of course not} 36... Bxb2 37. Bxf5 Bxf5 38. Nxf5 $16) 37. Nxf5 (37. Bxf5 $11 Bxf5 38. Nxf5) 37... Bxb2 $14 {[%emt 0:00:24][%mdl 4096] Endgame. KBB-KBN} 38. Nh6 Bg7 39. Nf5 ({Better is} 39. Bf5 $1 $11) 39... Bf6 40. Ke2 ({White should try} 40. Bc2 $15) 40... b5 41. f3 gxf3+ 42. Kxf3 b4 (42... Kc5 $17 43. Ng3 Kb6) 43. Ng3 $1 $15 a5 44. Ne4 Bh4 45. Nd2 a4 46. Bc4+ Kc5 47. Bf7 Bb5 48. Ne4+ Kb6 49. Kf4 Bd3 {[%emt 0:01:00] Strongly threatening ...Be1.} 50. Ke5 $1 Be1 {[%emt 0:00:54][%cal Ob4b3] White must now prevent ...b3!} 51. Kd4 $1 Bc2 52. Bc4 {[%emt 0:00:17] [#]} (52. Nc5 $11 {keeps the balance.}) 52... a3 (52... Bh4 $1 $17) 53. Nd6 $2 {[%emt 0:02:02][%mdl 8192] [#]} (53. Nc5 $11) 53... b3 $1 54. Bxb3 $19 Bxb3 55. Nc4+ Bxc4 56. Kxc4 {[%emt 0:00:04] KB-KPP} Bd2 57. e4 Kc6 58. e5 Kd7 59. Kd5 Ke7 60. e6 Bc3 61. Kc4 Bb2 62. Kd5 Ba1 63. Kc4 Kxe6 {[%emt 0:00:07] KB-KP} 64. Kb3 Bb2 65. Kc2 Kd5 66. Kb1 Kd4 67. Kc2 Kc4 68. Kb1 Bf6 69. Kc2 Bc3 70. Kb1 Kd3 71. Kc1 Be5 72. Kb1 Kc3 73. Kc1 Kd3 74. Kb1 $1 Bb2 {Never resign too early!   Weighted Error Value: White=0.32/Black=0.34.  Loses game:     	White=1     	---        Missed win:     	---       	Black=1      Mistake:       	White=10    	Black=7      Inaccurate:     	White=1     	Black=4      OK:         	White=16    	Black=22     Best:        	White=5     	Black=6      Strong:       	White=4     	Black=1} 1/2-1/2

[Event "Summer Prague Open-A 2024"]
[Site "Prague"]
[Date "2024.08.05"]
[Round "5.24"]
[White "Holub, Adam"]
[Black "Pujari, Rucha"]
[Result "0-1"]
[Annotator "TA"]
[ECO "C86"]
[WhiteElo "1980"]
[BlackElo "2175"]
[PlyCount "68"]
[EventDate "2024.08.02"]
[EventType "swiss"]
[EventCountry "CZE"]
[SourceTitle "playchess.com"]
[Source "ChessBase"]
[SourceQuality "1"]
[TimeControl "40/5400+30:1800+30"]

1. e4 e5 2. Nf3 Nc6 3. Bb5 a6 4. Ba4 Nf6 5. O-O Be7 6. Qe2 b5 7. Bb3 O-O 8. c3 d6 9. Rd1 Na5 10. Bc2 c5 11. d4 Qc7 12. d5 Re8 13. h3 Rb8 14. Nbd2 Bf8 {[%emt 0:04:10] White is slightly better.} 15. Nf1 g6 16. Ng3 b4 17. Bd2 b3 18. axb3 Nxb3 19. Bxb3 Rxb3 20. Bc1 Rb8 21. Nd2 h5 (21... a5 $11) 22. Nc4 Bd7 23. Rxa6 Bb5 24. Ra3 Nd7 25. Nf1 ({White should play} 25. b3 $14) 25... Nb6 26. Nfe3 Ra8 27. Rxa8 Rxa8 28. b3 Qa7 29. Bb2 Qa2 30. Qc2 (30. Qe1 $11 Bxc4 31. bxc4) 30... Nxc4 $17 (30... Bxc4 31. bxc4 Qa4 32. Qxa4 Rxa4 33. Rb1 $17) 31. Nxc4 Bxc4 32. Ra1 $2 {[%emt 0:01:06][%mdl 8192] [#]} (32. bxc4 $17 Rb8 (32... Qxc4 33. h4 $15) 33. Rd2) 32... Qxb3 $19 {[%emt 0:01:07] Black is clearly winning.} 33. Qxb3 Rxa1+ 34. Bxa1 Bxb3 {[%emt 0:00:02] Weighted Error Value: White=0.38/Black=0.12 (very precise) .  Loses game:     	White=1     	---        Mistake:       	White=2     	Black=1      Inaccurate:     	White=2     	Black=1      OK:         	White=7     	Black=6      Best:        	---       	Black=2} 0-1

[Event "Summer Prague Open-A 2024"]
[Site "Prague"]
[Date "2024.08.05"]
[Round "5.25"]
[White "Cichon, Jakub"]
[Black "Zvolensky, David"]
[Result "0-1"]
[Annotator "NA RC"]
[ECO "C50"]
[WhiteElo "1979"]
[BlackElo "2167"]
[PlyCount "128"]
[EventDate "2024.08.02"]
[EventType "swiss"]
[EventCountry "CZE"]
[SourceTitle "playchess.com"]
[Source "ChessBase"]
[SourceQuality "1"]
[TimeControl "40/5400+30:1800+30"]

1. e4 e5 2. Nf3 Nc6 3. Bc4 Nf6 4. d3 Bc5 5. O-O a6 6. Bb3 d6 7. c3 Ba7 8. Nbd2 O-O 9. h3 Be6 10. Re1 h6 11. Nf1 Re8 12. Ng3 d5 13. Qe2 Qd7 14. Be3 Bxe3 15. Qxe3 Rad8 16. Rad1 d4 17. Qe2 Bxb3 18. axb3 g6 19. Rf1 a5 20. Nh2 h5 21. f4 exf4 22. Rxf4 Nd5 23. Rh4 Qe7 24. Nf5 Qg5 25. Rf1 gxf5 26. Qf2 Nf6 27. Rf4 Nh7 28. Kh1 fxe4 29. dxe4 dxc3 30. bxc3 Ne5 31. Rf5 Qg6 32. Qf4 f6 33. Nf3 Rd3 34. Nxe5 fxe5 35. Rxe5 Rf8 36. Rf5 Rxf5 37. exf5 Qg3 38. Qc4+ Kg7 39. Qe6 Qd6 40. Qc4 Rd1 41. Rxd1 Qxd1+ 42. Kh2 Qd6+ 43. Kh1 Qe5 44. b4 axb4 45. cxb4 Nf6 46. Kg1 Nd5 47. Qb5 b6 48. Qd7+ Kf6 49. b5 Qxf5 50. Qe8 Qe5 51. Qh8+ Ke6 52. Qe8+ Ne7 53. Kh1 Kd5 54. Kg1 Kc4 55. Kh1 Kb4 56. Kg1 Qc5+ 57. Kh2 h4 58. Kh1 Nf5 59. Qd7 Qc1+ 60. Kh2 Qf4+ 61. Kg1 Qd4+ 62. Qxd4+ Nxd4 63. Kf2 Kxb5 64. Ke3 c5 0-1

[Event "Summer Prague Open-A 2024"]
[Site "Prague"]
[Date "2024.08.05"]
[Round "5.26"]
[White "Maj, Pawel"]
[Black "Green, Michael L"]
[Result "1-0"]
[Annotator "NA RC"]
[ECO "A11"]
[WhiteElo "2158"]
[BlackElo "1997"]
[PlyCount "47"]
[EventDate "2024.08.02"]
[EventType "swiss"]
[EventCountry "CZE"]
[SourceTitle "playchess.com"]
[Source "ChessBase"]
[SourceQuality "1"]
[TimeControl "40/5400+30:1800+30"]

1. c4 c6 2. Nf3 Nf6 3. g3 d5 4. Bg2 Bf5 5. Qb3 Qb6 6. Nc3 e6 7. d4 h6 8. c5 Qa6 9. Bf1 b5 10. a4 Nbd7 11. Ra2 b4 12. e4 Qa5 13. exf5 bxc3 14. fxe6 cxb2+ 15. Bd2 Rb8 16. exd7+ Nxd7 17. Qe3+ Be7 18. Rxb2 Qxa4 19. Rxb8+ Nxb8 20. Be2 Nd7 21. O-O Nf8 22. Qc3 Bg5 23. Nxg5 hxg5 24. Ra1 1-0

[Event "Summer Prague Open-A 2024"]
[Site "Prague"]
[Date "2024.08.05"]
[Round "5.27"]
[White "Omarsson, Adam"]
[Black "Pahud, Cedric"]
[Result "0-1"]
[Annotator "RC"]
[ECO "E50"]
[WhiteElo "1970"]
[BlackElo "2152"]
[PlyCount "98"]
[EventDate "2024.08.02"]
[EventType "swiss"]
[EventCountry "CZE"]
[SourceTitle "playchess.com"]
[Source "ChessBase"]
[SourceQuality "1"]
[TimeControl "40/5400+30:1800+30"]

1. d4 Nf6 2. c4 e6 3. Nc3 Bb4 4. e3 O-O 5. Nf3 Bxc3+ 6. bxc3 d6 7. Bd3 Re8 8. e4 e5 9. d5 Bg4 10. h3 Bxf3 11. Qxf3 Nfd7 12. h4 Qf6 13. Qh3 Nc5 14. Bc2 Nbd7 15. h5 Nb6 16. Qg4 h6 17. Rh3 Kh8 18. Qe2 Qe7 19. Be3 Nbd7 20. Qd2 Nf6 21. f3 Nh7 22. Ke2 Rf8 23. Rb1 b6 24. Rhh1 f5 25. Bxc5 dxc5 26. exf5 e4 27. Bxe4 Ng5 28. Kd3 c6 29. Rbe1 b5 30. Kc2 Rad8 31. Bd3 Qc7 32. cxb5 cxd5 33. Kc1 Qa5 34. Rh4 c4 35. Bb1 Qxb5 36. f4 Rb8 37. Bc2 Ne4 38. Bxe4 dxe4 39. Qc2 Qc5 40. Kd1 Qa3 41. Re2 Rbd8+ 42. Ke1 Rd3 43. Rh3 Qc5 44. Rh1 Qxf5 45. Rf1 Rfd8 46. Qc1 Qd5 47. Kf2 Qc5+ 48. Ke1 e3 49. Rf3 Qd5 0-1

[Event "Summer Prague Open-A 2024"]
[Site "Prague"]
[Date "2024.08.05"]
[Round "5.28"]
[White "Kotal, Vaclav"]
[Black "Thomas, Tobias"]
[Result "1-0"]
[Annotator "TA"]
[ECO "A45"]
[WhiteElo "2151"]
[BlackElo "1966"]
[PlyCount "82"]
[EventDate "2024.08.02"]
[EventType "swiss"]
[EventCountry "CZE"]
[SourceTitle "playchess.com"]
[Source "ChessBase"]
[SourceQuality "1"]
[TimeControl "40/5400+30:1800+30"]

1. d4 Nf6 2. Bg5 d5 3. Bxf6 exf6 4. e3 g6 5. g3 Bg7 6. Bg2 O-O 7. Ne2 Bg4 {[%emt 0:01:34] [#]} 8. c4 $1 dxc4 9. Nd2 {[%emt 0:03:20] The position is equal.} c6 10. Nxc4 Nd7 11. O-O Nb6 12. Nd2 Re8 13. Nb3 Bf8 14. h3 Bxe2 15. Qxe2 Qd7 16. Rfc1 Rad8 17. a4 a6 18. a5 Nd5 19. Nc5 Bxc5 20. Rxc5 Qe6 21. Rac1 f5 22. Qc4 Nf6 23. Qb4 Qe7 24. Qb6 Ne4 ({Black should play} 24... Nd7 $11 25. Qxb7 Nxc5 26. Qxe7 Rxe7 27. Rxc5 Rb8) 25. Bxe4 $14 fxe4 26. d5 Rxd5 (26... cxd5 $11 {remains equal.} 27. Rc7 Qe5) 27. Rxd5 $16 cxd5 $11 {[%emt 0:00:01][%mdl 4096] Endgame. KQR-KQR} 28. Rc7 {[%emt 0:00:26] White is more active.} Qe5 29. Qxb7 d4 {[%emt 0:05:55] [#]} 30. exd4 (30. Rxf7 $6 dxe3 31. Qb3 exf2+ (31... Qxa5 32. Re7+ Kh8 33. Rxe8+ Kg7 34. Re7+ Kh6 35. Qxe3+ Qg5 36. Rxh7+ Kxh7 37. Qxg5) 32. Kxf2 Kh8 $11 (32... Qxa5 33. Re7+ Kh8 34. Rxe8+ Kg7 35. Qg8+ Kh6 36. Qf8+ Kh5 37. g4+ Kg5 38. Qe7+ Kh6 39. Qh4+)) 30... Qf5 31. Qc6 (31. Qxa6 $6 e3 32. fxe3 Qf3 $11) 31... Re6 (31... Rf8 $16 {might work better.}) 32. Qc5 $18 {[%emt 0:02:42] Rc8+ would kill now.} Qxh3 $2 (32... Kg7 $18 33. Rc8 Qxc5 34. dxc5 e3) 33. Rc8+ Kg7 34. Qf8+ Kf6 35. Qh8+ $2 (35. Rc5 {Intending Qh8+ and mate.} Rd6 36. Qxd6+ Kg7 37. Qe5+ (37. Qxa6 Qd7 $18) 37... Kg8 38. Rc7 (38. Qxe4 Kg7 $18)) 35... Kg5 {[%emt 0:00:05] Threatens to win with ...e3.} 36. Rc5+ (36. d5 Rf6 37. Rc6 Rf3 38. Qe5+ (38. Rxa6 $2 e3 $19) 38... Qf5 39. Qxf5+ Rxf5 $14) 36... Kg4 {[%emt 0:01:55] [#] ...e3 would now be deadly.} 37. Qb8 $2 (37. d5 Kf3 38. Rc3+ e3 39. Rxe3+ Rxe3 40. Qf6+ Ke2 41. fxe3 Qxg3+ 42. Kh1 h6 $11 (42... Qxe3 43. d6 $11) (42... Kxe3 $2 43. Qc3+ Kf2 44. Qxg3+ Kxg3 45. d6 $18) (42... Qh3+ 43. Kg1 $11)) ({White must play} 37. Qd8 $1 $18 {[%cal Rd8g5] Threatening mate with Qg5+.} Kf3 38. Rc3+ e3 39. Qd5+ Kg4 40. Rxe3 Rxe3 41. fxe3 Kxg3 (41... Qxg3+ $2 42. Qg2 $18) 42. Qd6+ Kf3 43. Qf4+ Ke2 44. d5) 37... g5 $1 $11 {[%emt 0:00:43] aiming for ...e3.} 38. Qb3 e3 $1 {[%emt 0:00:34] ( -> ...exf2+)} 39. f3+ (39. Qd1+ $11 e2 40. Qe1) 39... Kxf3 (39... Kh5 $142 40. Qc2 Qxg3+ 41. Qg2 Qxg2+ 42. Kxg2 e2) 40. Qb7+ Kg4 (40... Kxg3 41. Rxg5+ Kh4 42. Qd5 $17) 41. Rc2 e2 {[%emt 0:04:44][%mdl 32768] Weighted Error Value: White=0.57/Black=0.58.  Loses game:     	White=1     	Black=1      Missed win:     	White=1     	---        Mistake:       	---       	Black=4      Inaccurate:     	White=3     	Black=1      OK:         	White=13    	Black=10     Best:        	White=3     	Black=2      Strong:       	---       	Black=2     . Loss on time!?} (41... Qxg3+ $2 {too greedy.} 42. Rg2 e2 43. Rxg3+ Kxg3 44. Qg2+ (44. Qxf7 {gets mated.} e1=Q+ 45. Qf1 Qe3+) 44... Kh4 45. Qf2+ Kg4 46. Qe1 $18 (46. Qxf7 {leads to mate.} e1=Q+ 47. Qf1 Qg3+ 48. Kh1 Rh6+)) 1-0